 Dungeon Sprint DCSS version 0.29-a0-721-g7f417c9bbb (webtiles) character file.

Game seed: 1388781098884616643

252 mhtbhm the Covert (level 5, 0/24 HPs)
             Began as a Spriggan Enchanter on June 27, 2022.
             Was an Initiate of Dithmenos.
             Slain by a crimson imp (1 damage)
             ... summoned by a kobold demonologist
             ... in the Dungeon (Sprint III: "The Ten Rune Challenge").
             The game lasted 00:01:17 (311 turns).

mhtbhm the Covert (Spriggan Enchanter)               Turns: 311, Time: 00:01:18

Health: 0/24       AC:  2    Str:  4    XL:     5   Next: 89%
Magic:  8/14       EV: 20    Int: 16    God:    Dithmenos [......]
Gold:   26         SH:  0    Dex: 18    Spells: 5/16 levels left

rFire   . . .      SeeInvis +   a - +1 dagger
rCold   . . .      Faith    .   (no shield)
rNeg    . . .      Spirit   .   b - +0 robe
rPois   .          Reflect  .   (helmet restricted)
rElec   .          Harm     .   (no cloak)
rCorr   .          Rampage  .   (gloves unavailable)
Will    .....      NoTele   +   (boots unavailable)
Stlth   +++++.....              (no amulet)
HPRegen 0.08/turn               (no ring)
MPRegen 0.14/turn               (no ring)

@: confusing by touch, very slightly contaminated, very quick
A: very small, no large weapons, unfitting armour, see invisible, speed 3
a: Renounce Religion


You were in the Dungeon.
You worshipped Dithmenos.
Dithmenos was noncommittal.
You visited 1 branch You collected 26 gold pieces.

Inventory:

Hand Weapons
 a - a +1 dagger (weapon)
Armour
 b - a +0 robe (worn)
Scrolls
 i - a scroll of blinking
 j - a scroll of magic mapping {unknown}
 k - a scroll of immolation {unknown}
 l - 3 scrolls of identify
 m - a scroll of poison {unknown}
Potions
 c - 2 potions of invisibility
 d - a potion of curing
 e - a potion of heal wounds
 f - a potion of haste
 g - 2 potions of magic
 h - a potion of berserk rage
 n - 2 potions of flight
 o - 5 potions of mutation


   Skills:
 + Level 3.5 Short Blades
 + Level 6.1 Dodging
 + Level 11.6 Stealth
 + Level 6.2 Spellcasting
 + Level 9.2 Hexes


You had 5 spell levels left.
You knew the following spells:

 Your Spells              Type           Power      Damage    Failure   Level
a - Ensorcelled Hibernat  Hex/Ice        38%        N/A       3%          2
b - Confusing Touch       Hex            34%        N/A       1%          3
c - Tukima's Dance        Hex            34%        N/A       1%          3
d - Dazzling Flash        Conj/Hex       38%        N/A       6%          3

Your spell library contained the following spells:

 Spells                   Type           Power      Damage    Failure   Level


Dungeon Overview and Level Annotations

Branches:
Dungeon (1/1)

Altars:
Dithmenos
Kikubaaqudgha
Ru
Sif Muna
Vehumet
Yredelemnul


Innate Abilities, Weirdness & Mutations

You are very small and have problems with some larger weapons.
You are too small for most types of armour.
You have supernaturally acute eyesight. (SInv)
You cover ground extremely quickly. (Speed+++)


Message History

You start resting.
Magic restored.
You open the door.
Found a radiant altar of Vehumet.
A wizard and a kobold demonologist come into view.
Found a book of Displacement and 7 gold pieces.
Found two altars.
There is an open door here.
The helpless wizard fails to defend itself.
You skewer the wizard like a kebab!!!
You kill the wizard!
Dithmenos accepts your kill.
The kobold demonologist shouts!
The kobold demonologist looks satisfied for a moment.
Items here: ) : [ †.
You closely miss the kobold demonologist.
The kobold demonologist barely misses you.
Casting: Confusing Touch (safe; 1% risk of failure)
Confirm with . or Enter, or press ? or * to list all spells.
Your hands begin to glow red.
The kobold demonologist gestures wildly while chanting.
You hit the soul eater but do no damage.
You closely miss the kobold demonologist.
The kobold demonologist casts a spell.
The soul eater barely misses you.
Casting: Confusing Touch (safe; 1% risk of failure)
Confirm with . or Enter, or press ? or * to list all spells.
The spell is quite dangerous to miscast (6% risk of failure)!
Continue anyway?
Casting: Dazzling Flash (quite dangerous; 6% risk of failure)
Press: ? - help, Dir - look around, f - activate You miscast Dazzling Flash.
You are very lightly contaminated with residual magic.
Nothing appears to happen.
The kobold demonologist hits you with a +0 dagger.
The soul eater hits you!!
Ouch! That really hurt!
* * * LOW HITPOINT WARNING * * *
The quasit closely misses you. The quasit completely misses you. x2
The crimson imp hits you.
You die...

###....♣.♣ ♣..# #._#
..#....≈.♣♣♣..###+#+###'##
..#...≈≈♣.♣♣..#.......†..#
..#..†≈≈≈♣..♣.'.⌠........#
#'#..≈≈≈≈≈≈.♣.#...######+#
.†#.≈≈≈≈≈≈....#.⌠.#
..#.≈≈≈≈≈.....#...#
..#.≈≈≈.......#5###
###...........#5@K#
..............#53_#
▓▓▓▓▓▓▓▓▓▓▓▓▓▓▓▓▓▓▓


You could see a soul eater (summoned), a kobold demonologist, an iron imp
(summoned), a quasit (summoned) and a crimson imp (summoned).

Vanquished Creatures
  A scorpion (D)
  A necrophage (D)
  A water elemental (D)
  A wizard (D)
  A necromancer (D)
  A human (D)
  4 rats (D)
10 creatures vanquished.

Notes
Turn   | Place    | Note
-------+----------+-------------------------------------------
     0 | D        | mhtbhm the Spriggan Enchanter began the quest for the Orb.
     0 | D        | Reached XP level 1. HP: 9/9 MP: 5/5
    39 | D        | Noticed a scorpion
    56 | D        | Killed a scorpion
    57 | D        | Reached skill level 7 in Stealth
    57 | D        | Reached XP level 2. HP: 6/13 MP: 6/8
    57 | D        | Reached XP level 3. HP: 7/16 MP: 6/9
    60 | D        | Learned a level 2 spell: Ensorcelled Hibernation
    64 | D        | Reached skill level 8 in Stealth
    64 | D        | Reached XP level 4. HP: 10/21 MP: 4/11
    92 | D        | Learned a level 3 spell: Confusing Touch
    96 | D        | Learned a level 3 spell: Tukima's Dance
   100 | D        | Learned a level 3 spell: Dazzling Flash
   239 | D        | Noticed a water elemental
   242 | D        | Killed a water elemental
   243 | D        | Reached skill level 5 in Dodging
   243 | D        | Reached skill level 9 in Stealth
   243 | D        | Reached skill level 5 in Spellcasting
   243 | D        | Reached XP level 5. HP: 24/24 MP: 11/13
   253 | D        | Found a shadowy altar of Dithmenos.
   254 | D        | Found a basalt altar of Yredelemnul.
   254 | D        | Found a sacrificial altar of Ru.
   256 | D        | Reached skill level 10 in Stealth
   261 | D        | Reached skill level 11 in Stealth
   267 | D        | Became a worshipper of Dithmenos the Shadowed
   303 | D        | Found a radiant altar of Vehumet.
   304 | D        | Found a shimmering blue altar of Sif Muna.
   304 | D        | Found an ancient bone altar of Kikubaaqudgha.
   309 | D        | Noticed a soul eater
   311 | D        | HP: 1/24 [soul eater[a kobold demonologist] (22)]
   311 | D        | Slain by a crimson imp

Illustrated notes

Levels and vault maps discovered:
D:        dungeon_sprint_mu [sprint_mu_entry_forest, sprint_mu_temple_rooms,
          sprint_mu_d1_horrors, sprint_mu_d2_genie, sprint_mu_d3_branching,
          sprint_mu_orc_legion, sprint_mu_elf_gauntlet, sprint_mu_hive_nellie,
          sprint_mu_lair_fedhas, sprint_mu_vaults_butterflies,
          sprint_mu_slime_circle, sprint_mu_swamp_cave, sprint_mu_snake_twists,
          sprint_mu_blade_basic, sprint_mu_crypt_chambers,
          sprint_mu_tomb_spiral, sprint_mu_vestibule_basic,
          sprint_mu_gehenna_hellfire, sprint_mu_dis_giant,
          sprint_mu_tartarus_statrot, sprint_mu_cocytus_islands, sprint_mu_zot1]

Skill      XL: |  1  2  3  4  5 |
---------------+----------------+-----
Dodging        | 4 5 6 |  6.1
Hexes          | 6 7 8 9 |  9.2
Short Blades   | 2 3 |  3.5
Stealth        | 7 8 9 11 | 11.6
Spellcasting   | 4 5 6 |  6.2

Action                   |  1- 3 |  4- 6 || total
-------------------------+-------+-------++-------
Melee: Dagger            |    14 |     9 ||    23
 Cast: Ensorcelled Hiber |     1 |       ||     1
       Confusing Touch   |       |     2 ||     2
  Use: Potion            |     1 |       ||     1
 Stab: Sleeping          |     2 |     3 ||     5
       Confused          |       |     2 ||     2
Dodge: Dodged            |     8 |     8 ||    16

Table legend: (Time is in decaauts)
 A = Elapsed time spent in this place.
 B = Non-inter-level travel time spent in this place.
 C = Inter-level travel time spent in this place.
 D = Time resting spent in this place.
 E = Time spent auto-exploring this place.
 F = Levels seen in this place.
 G = Mean time per level.
                   A        B        C        D        E       F      G
               +--------+--------+--------+--------+--------+-----+--------+
         Total |    261 |    261 |      0 |    133 |      0 |   1 |  261.0 |
       Dungeon |    261 |    261 |      0 |    133 |      0 |   1 |  261.0 |
               +--------+--------+--------+--------+--------+-----+--------+

Top non-repeatable levels by time:
       D: 261 daAuts
